 Dungeon Crawl Stone Soup version 0.32-a0-664-gf59354a (webtiles) character file.

Game seed: 8637727392897838286

46 Meow the Conjurer (level 3, 11/28 HPs)
             Began as a Naga Conjurer on Mar 9, 2024.
             Quit the game on level 1 of the Dungeon.
             The game lasted 00:04:34 (1107 turns).

Meow the Conjurer (Naga Conjurer)                   Turns: 1107, Time: 00:04:34

Health: 11/28      AC:  2    Str:  9    XL:     3   Next: 68%
Magic:  6/6        EV: 10    Int: 20    God:
Gold:   75         SH:  0    Dex:  9    Spells: 3/6 levels left

rFire   . . .        a - +0 long sword
rCold   . . .        (no shield)
rNeg    . . .        f - +0 robe
rPois   +            (no helmet)
rElec   .            (no cloak)
rCorr   .            (no gloves)
SInv    +            (no barding)
Will    .....        (no amulet)
Stlth   ++           (no ring)
HPRegen 0.24/turn    (no ring)
MPRegen 0.10/turn

%: no passive effects
@: short of breath, very slow
A: AC +1, large, see invisible, deformed body, poison resistance, slowness 2,
spit poison 1, naga tail 1
a: Spit Poison


You were on level 1 of the Dungeon.
You visited 1 branch of the dungeon, and saw 2 of its levels.

You collected 75 gold pieces.

Inventory:

Hand Weapons
 a - a +0 long sword (weapon)
 l - a +0 short sword
Missiles
 c - 72 stones
Armour
 f - a +0 robe (worn)
Jewellery
 h - a ring of magical power
 i - an amulet of the acrobat
Scrolls
 e - a scroll of fear {unknown}
 j - a scroll of vulnerability {unknown}
 n - a scroll of noise {unknown}
Potions
 b - a potion of magic
 d - a potion of degeneration {unknown}
 g - a potion of cancellation {unknown}
 k - a potion of berserk rage {unknown}
 m - a potion of mutation {unknown}


   Skills:
 + Level 2.1 Dodging
 + Level 4.0 Stealth
 + Level 2.4 Spellcasting
 + Level 4.3 Conjurations


You had 3 spell levels left.
You knew the following spells:

 Your Spells              Type           Power      Damage    Failure   Level
a - Magic Dart            Conj           76%        1d6       2%          1
b - Searing Ray           Conj           38%        2d5       3%          2

Your spell library contained the following spells:

 Spells                   Type           Power      Damage    Failure   Level
 Fulminant Prism          Conj/Alch      5%         3d7       52%         4
 Iskenderun's Mystic Bla  Conj/Tloc      11%        2d4       52%         4


Dungeon Overview and Level Annotations

Branches:
Dungeon (2/15)

Altars:

Annotations:
D:2 Robin


Innate Abilities, Weirdness & Mutations

Your serpentine skin is tough. (AC +1)
You have supernaturally acute eyesight. (SInv)
Armour fits poorly on your strangely shaped body.
Your system is resistant to poisons. (rPois)
You cover ground very slowly.
You can spit poison.
You have a snake-like lower body.


Message History

Aiming: Searing Ray (safe; 3% risk of failure)
Press: ? - help, Shift-Dir - straight line, f - goblin
Aim: a goblin, wielding a +0 club (72% to hit)
The searing ray hits the goblin.
The goblin is heavily wounded. (Press . to maintain the ray.)
The goblin barely misses you.
The searing ray misses the goblin.
The goblin hits you with a +0 club.
Unknown command.
The searing ray misses the goblin.
The goblin hits you with a +0 club.
Unknown command.
The searing ray hits the goblin.
You kill the goblin!
You finish channelling your searing ray.
Unknown command.
You start resting.
You have got your breath back.
You start resting.
Magic restored.
Done exploring.
Done exploring.
You climb downwards.
Level annotation: Robin The goblin hits you with a +0 dagger.
The hobgoblin barely misses you. The goblin hits you with a +0 dagger.
There is a stone staircase leading up, spattered with blood here.
Aiming: Spit Poison (2% risk of failure)
Press: ? - help, Shift-Dir - straight line, f - hobgoblin
Aim: a hobgoblin (59% to hit)
The splash of poison hits the hobgoblin but does no damage.
The hobgoblin is poisoned.
The goblin hits you with a +0 dagger. The goblin misses you.
The hobgoblin closely misses you. The goblin hits you with a +0 dagger.
The goblin hits you with a +0 dagger. x2; The hobgoblin misses you.
Robin throws the goblin at you! The goblin hits you with a +0 dagger.
You climb upwards.
There is a stone staircase leading down here.
Unknown command.
Unknown command.
Are you sure you want to abandon this character and quit the game? (Confirm with "yes".)

########### ..........#
### ..........## #.#
...........# #####.#
...........###.....#
...............###.#
.......).......# #.#
.........#.....###.####
...............g@g....#
..............g#g####.#
..........######## #.#
.........##.....## #.#
.รท#####+##.......# #.#
+#.......#.......####.#
.........#...#...'....#
#........#.......###..#
#........#.......# ##.#


You could see a hobgoblin (poisoned) and 3 goblins.

Vanquished Creatures
  A gnoll (D:1)
  4 ball pythons
  3 bats
  6 endoplasms
  4 goblins
  5 hobgoblins
  4 quokkas
  A kobold (D:1)
  3 rats (D:1)
31 creatures vanquished.

Notes
Turn   | Place    | Note
-------+----------+-------------------------------------------
     0 | D:1      | Meow the Naga Conjurer began the quest for the Orb.
     0 | D:1      | Reached XP level 1. HP: 15/15 MP: 3/3
   226 | D:1      | Reached XP level 2. HP: 22/22 MP: 1/5
   276 | D:1      | Learned a level 2 spell: Searing Ray
   483 | D:1      | Reached XP level 3. HP: 28/28 MP: 0/6
  1027 | D:2      | Noticed Robin
  1107 | D:1      | Quit the game

Illustrated notes

Levels and vault maps discovered:
D:1:      minmay_arrival_shattered_statue, layout_basic, kennysheep_flooded_box,
          minmay_tromino_v4_b
D:2:      layout_basic, uniq_robin, uniq_crazy_yiuf_cottage

Skill      XL: |  1  2  3 |
---------------+----------+-----
Dodging        | 2 |  2.1
Stealth        | 4 |  4.0
Spellcasting   | |  2.4
Conjurations   | |  4.3

Action                     || total
---------------------------++-------
  Melee: Short sword       ||     1
         Long sword        ||     2
   Cast: Magic Dart        ||    38
         Searing Ray       ||     5
Ability: Spit Poison       ||    12
 Armour: Robe              ||    26
  Dodge: Dodged            ||    11

Table legend: (Time is in decaauts)
 A = Elapsed time spent in this place.
 B = Non-inter-level travel time spent in this place.
 C = Inter-level travel time spent in this place.
 D = Time resting spent in this place.
 E = Time spent auto-exploring this place.
 F = Levels seen in this place.
 G = Mean time per level.
                   A        B        C        D        E       F      G
               +--------+--------+--------+--------+--------+-----+--------+
         Total |   1315 |   1293 |     22 |    452 |    628 |   2 |  657.5 |
       Dungeon |   1315 |   1293 |     22 |    452 |    628 |   2 |  657.5 |
               +--------+--------+--------+--------+--------+-----+--------+

Top non-repeatable levels by time:
     D:1: 1136 daAuts
     D:2: 179 daAuts
